 Dungeon Crawl Stone Soup version 0.32-a0-994-gabb26cbae4 (webtiles) character file.

Game seed: 5167823127436548104

15 Ijustatesigmund the Firebug (level 2, -4/23 HPs)
             Began as a Mountain Dwarf Fire Elementalist on Apr 22, 2024.
             Succumbed to a kobold's poison
             ... on level 2 of the Dungeon.
             The game lasted 00:01:52 (916 turns).

Ijustatesigmund the Firebug (MDFE)                   Turns: 916, Time: 00:01:53

Health: -4/23      AC:  3    Str: 10    XL:     2   Next: 34%
Magic:  2/5        EV: 10    Int: 15    God:
Gold:   28         SH:  0    Dex: 10    Spells: 2/5 levels left

rFire   . . .        d - +0 morningstar
rCold   . . .        (no shield)
rNeg    . . .        a - +0 robe
rPois   .            (no helmet)
rElec   .            e - +0 cloak
rCorr   .            (no gloves)
SInv    .            (no boots)
Will    .....        (no amulet)
Stlth   ++           (no ring)
HPRegen 0.23/turn    (no ring)
MPRegen 0.09/turn

%: no passive effects
@: lethally poisoned (-4 -> -25), very slightly contaminated
A: runic magic, artefact enchanting
a: no special abilities


You were on level 2 of the Dungeon.
You visited 1 branch of the dungeon, and saw 2 of its levels.

You collected 28 gold pieces.

Inventory:

Hand Weapons
 d - a +0 morningstar (weapon)
Armour
 a - a +0 robe (worn)
 c - a +0 pair of boots
 e - a +0 cloak (worn)
 h - a +0 kite shield
Scrolls
 f - a scroll of silence {unknown}
 g - a scroll of teleportation {unknown}
 i - a scroll of enchant armour {unknown}
 j - a scroll of fog {unknown}
Potions
 b - a potion of magic


   Skills:
 + Level 1.1 Fighting
 - Level 1.3 Dodging
 - Level 1.4 Stealth
 + Level 2.1 Spellcasting
 - Level 0.8 Conjurations
 + Level 4.0 Fire Magic


You had 2 spell levels left.
You knew the following spells:

 Your Spells              Type           Power      Damage    Failure   Level
a - Foxfire               Conj/Fire      32%        2x1d5     9%          1
b - Scorch                Fire           26%        2d6       6%          2

Your spell library contained the following spells:

 Spells                   Type           Power      Damage    Failure   Level
 Inner Flame              Hex/Fire       7%         N/A       28%         3
 Volatile Blastmotes      Fire/Tloc      14%        2d11      28%         3
 Flame Wave               Conj/Fire      8%         2d5       63%         4


Dungeon Overview and Level Annotations

Branches:
Dungeon (2/15)

Altars:


Innate Abilities, Weirdness & Mutations

Your spellcasting is much less encumbered by armour.
You can use scrolls of enchantment on lesser artefacts.


Message History

A kobold comes into view. It is wielding a +2 dagger of venom.
You closely miss the rat.
The adder hisses angrily.
The rat barely misses you.
The kobold shouts!
You puncture the rat!
You kill the rat!
The adder bites you but does no damage.
You miss the adder. The adder closely misses you.
The adder bites you but does no damage.
You barely miss the adder. The adder bites you.
You are poisoned.
The adder poisons you!
The kobold hits you with a +2 dagger of venom.
You are more poisoned.
The adder bites you.
The kobold hits you with a +2 dagger of venom.
You are lethally poisoned!
Okay, then.
Casting: Scorch (safe; 6% risk of failure)
Confirm with . or Enter, or press ? or * to list all spells.
You conjure some foxfire!
You feel very sick. The adder barely misses you.
The adder bites you but does no damage.
The kobold hits you with a +2 dagger of venom.
You are more poisoned.
* * * LOW HITPOINT WARNING * * *
You feel very sick.
The foxfire hits the adder.
The adder is moderately wounded.
The foxfire hits the adder.
The adder is heavily wounded.
The adder barely misses you. The kobold closely misses you.
Okay, then.
Casting: Foxfire (safe; 9% risk of failure)
Confirm with . or Enter, or press ? or * to list all spells.
You miscast Scorch.
You are very lightly contaminated with residual magic.
Nothing appears to happen.
You die...

#.........
#........
#....... +......
##..... #.....+
#...SK+
#...@.########
#..§§.##.....#
#.....##.....#
###.....##.....#
..........†.....#
.......####.....#
....... #.^†..#
.......
#.....#####
.......
#.........#


You could see an adder and a kobold.

Vanquished Creatures
  A ribbon worm (D:2)
  A ball python (D:1)
  An endoplasm (D:1)
  A giant cockroach (D:1)
  3 goblins (D:1)
  A kobold (D:2)
  A frilled lizard (D:2)
  3 rats
12 creatures vanquished.

Vanquished Creatures (others)
  25 foxfires
25 creatures vanquished.

Grand Total: 37 creatures vanquished

Notes
Turn   | Place    | Note
-------+----------+-------------------------------------------
     0 | D:1      | Ijustatesigmund the Mountain Dwarf Fire Elementalist began
                  | the quest for the Orb.
     0 | D:1      | Reached XP level 1. HP: 14/14 MP: 3/3
   373 | D:1      | Reached XP level 2. HP: 22/22 MP: 1/5
   376 | D:1      | Learned a level 2 spell: Scorch
   783 | D:2      | Reached skill level 1 in Fighting
   864 | D:2      | Reached skill level 4 in Fire Magic
   915 | D:2      | HP: 1/23 [poisoned by a kobold]
   916 | D:2      | Succumbed to a kobold's poison

Illustrated notes

Levels and vault maps discovered:
D:1:      hellmonk_arrival_library, layout_loops_ring
D:2:      layout_basic

Skill      XL: |  1  2 |
---------------+-------+-----
Spellcasting   | 2 |  2.1
Fighting       | 1 |  1.1
Fire Magic     | 4 |  4.0
Dodging        | |  1.3
Stealth        | |  1.4
Conjurations   | |  0.8

Action                     || total
---------------------------++-------
  Melee: Dagger            ||     2
         Morningstar       ||    14
   Cast: Foxfire           ||    17
         Scorch            ||     1
   Stab: Sleeping          ||     2
 Armour: Robe              ||    15
  Dodge: Dodged            ||    13

Table legend: (Time is in decaauts)
 A = Elapsed time spent in this place.
 B = Non-inter-level travel time spent in this place.
 C = Inter-level travel time spent in this place.
 D = Time resting spent in this place.
 E = Time spent auto-exploring this place.
 F = Levels seen in this place.
 G = Mean time per level.
                   A        B        C        D        E       F      G
               +--------+--------+--------+--------+--------+-----+--------+
         Total |    921 |    913 |      8 |      0 |    768 |   2 |  460.5 |
       Dungeon |    921 |    913 |      8 |      0 |    768 |   2 |  460.5 |
               +--------+--------+--------+--------+--------+-----+--------+

Top non-repeatable levels by time:
     D:1: 744 daAuts
     D:2: 177 daAuts
